 Seeded DCSS version 0.29.1-13-g9f3cf754e1 (webtiles) character file.

Game seed: 18334199546629406935 (custom seed)

8491 mathmaestro the Artisan of Death (level 11, -7/89 HPs)
             Began as a Demonspawn Necromancer on Jan 22, 2023.
             Was a Priest of Kikubaaqudgha.
             Mangled by a white ugly thing (14 damage)
             ... on level 8 of the Dungeon on Jan 23, 2023.
             The game lasted 00:37:50 (13569 turns).

mathmaestro the Artisan of Death (DsNe)            Turns: 13569, Time: 00:37:50

Health: -7/89      AC: 13    Str: 15    XL:     11   Next: 10%
Magic:  0/23       EV: 13    Int: 20    God:    Kikubaaqudgha [***...]
Gold:   1460       SH:  4    Dex: 14    Spells: 5/26 levels left

rFire   . . .      SeeInvis .   q - +4 flail (protect)
rCold   . . .      Faith    .   O - +0 buckler
rNeg    . . .      Spirit   +   a - +0 robe
rPois   .          Reflect  .   (helmet restricted)
rElec   .          Harm     .   y - +0 cloak
rCorr   .          Rampage  .   l - +0 pair of gloves
Will    .....                   i - +0 pair of boots
Stlth   +++.......              (no amulet)
HPRegen 0.24/turn               k - +6 ring of strength
MPRegen 0.36/turn               m - ring of flight

@: under a protective aura, flying
A: antennae 2, rugged brown scales 1, powered by death 2, magic shield, magic
regeneration
a: Renounce Religion, Unearth Wretches


You were on level 8 of the Dungeon.
You worshipped Kikubaaqudgha.
Kikubaaqudgha was most pleased with you.
You visited 2 branches of the dungeon, and saw 10 of its levels.
You also visited: Sewer and Bailey.

You collected 1460 gold pieces.

Inventory:

Hand Weapons
 q - a +4 flail of protection (weapon)
 F - a +1 hand axe of electrocution
 L - a +3 hand axe
Missiles
 z - 2 javelins
 G - 7 boomerangs (quivered)
Armour
 a - a +0 robe (worn)
 i - a +0 pair of boots (worn)
 l - a +0 pair of gloves (worn)
 y - a +0 cloak (worn)
 O - a +0 buckler (worn)
Magical Staves
 J - a staff of earth
Jewellery
 k - a +6 ring of strength (left hand)
 m - a ring of flight (right hand)
 E - a ring of protection from cold
Scrolls
 f - 2 scrolls of immolation
 g - 5 scrolls of teleportation
 n - 4 scrolls of magic mapping
 o - 2 scrolls of fear {unknown}
 r - 6 scrolls of fog
 w - a scroll of amnesia {unknown}
 x - 2 scrolls of enchant armour {unknown}
 A - a scroll of enchant weapon {unknown}
 D - a scroll of noise {unknown}
 H - a scroll of summoning {unknown}
 K - 2 scrolls of poison
 M - 2 scrolls of silence {unknown}
 N - a scroll of vulnerability {unknown}
Potions
 b - a potion of magic
 c - 2 potions of curing
 d - 4 potions of might
 e - 4 potions of heal wounds {unknown}
 h - 4 potions of attraction {unknown}
 j - 2 potions of haste
 p - a potion of flight {unknown}
 s - 4 potions of degeneration {unknown}
 t - 2 potions of cancellation {unknown}
 u - 3 potions of mutation {unknown}
 v - 2 potions of invisibility
 B - 3 potions of lignification {unknown}
 C - a potion of berserk rage {unknown}
 I - a potion of resistance {unknown}


   Skills:
 + Level 8.7 Fighting
 - Level 5.0 Dodging
 - Level 5.0 Stealth
 + Level 2.0 Shields
 + Level 8.3 Spellcasting
 + Level 10.4 Necromancy
 - Level 3.0 Translocations
 + Level 1.9 Earth Magic


You had 5 spell levels left.
You knew the following spells:

 Your Spells              Type           Power      Damage    Failure   Level
a - Necrotise             Necr           100%       1d9       1%          1
b - Vampiric Draining     Necr           50%        2d9       1%          3
c - Animate Dead          Necr           50%        N/A       1%          4
d - Blink                 Tloc           40%        N/A       4%          2
e - Sublimation of Blood  Necr           50%        N/A       1%          2
f - Dispel Undead         Necr           50%        3d19      1%          4
g - Borgnjor's Vile Clut  Necr/Erth      16%        N/A       24%         5

Your spell library contained the following spells:

 Spells                   Type           Power      Damage    Failure   Level
 Agony                    Necr           50%        N/A       4%          5
 Lesser Beckoning         Tloc           20%        N/A       10%         3
 Slow                     Hex            32%        N/A       11%         1
 Corpse Rot               Necr/Pois/Air  22%        N/A       26%         4
 Confusing Touch          Hex            8%         N/A       32%         3
 Petrify                  Tmut/Erth      12%        N/A       58%         4
 Manifold Assault         Tloc           20%        N/A       65%         5
 Summon Forest            Summ/Tloc      7%         N/A       86%         5
 Metabolic Englaciation   Hex/Ice        4%         N/A       97%         5
 Summon Mana Viper        Hex/Summ       8%         N/A       97%         5
 Simulacrum               Ice/Necr       14%        N/A       89%         6
 Statue Form              Tmut/Erth      8%         N/A       100%        6
 Summon Cactus Giant      Summ           4%         N/A       100%        6


Dungeon Overview and Level Annotations

Branches:
Dungeon (9/15)             Temple (1/1) D:7             Orc (0/2) D:9
  Sewer (visited)          Bailey (visited)
   Lair: D:8-11

Altars:
Ashenzari
Cheibriados
Dithmenos
Fedhas
Gozag
Hepliaklqana
Kikubaaqudgha
Makhleb
Nemelex Xobeh
Okawaru
Qazlal
Ru
Sif Muna
Trog
Uskayaw
Vehumet
Wu Jian
Xom
Yredelemnul

Annotations:
D:4 1 runed translucent door, Dvallin's ghost, amateur KoDe
D:9 exclusion: orange crystal statue


Innate Abilities, Weirdness & Mutations

You have a pair of antennae on your head.
You are partially covered in rugged brown scales. (AC +1, +3% HP)
You regenerate health from kills.
When hurt, damage is shared between your health and your magic reserves.
You regenerate magic rapidly.


Message History

Confirm with . or Enter, or press ? or * to list all spells.
Aiming: Vampiric Draining (safe; 1% risk of failure)
Press: ? - help, Shift-Dir - straight line, f - white ugly thing
Aim: a white ugly thing (lightly wounded)
You draw life force from the white ugly thing!
You feel life coursing into your body. The white ugly thing tail-slaps you.
The white ugly thing freezes you!!
Casting: Vampiric Draining (safe; 1% risk of failure)
Confirm with . or Enter, or press ? or * to list all spells.
Aiming: Vampiric Draining (safe; 1% risk of failure)
Press: ? - help, Shift-Dir - straight line, f/p - white ugly thing
Aim: a white ugly thing (moderately wounded)
You draw life force from the white ugly thing!
You feel life coursing into your body. The white ugly thing tail-slaps you.
The white ugly thing freezes you!
* * * LOW HITPOINT WARNING * * *
Casting: Vampiric Draining (safe; 1% risk of failure)
Confirm with . or Enter, or press ? or * to list all spells.
Aiming: Vampiric Draining (safe; 1% risk of failure)
Press: ? - help, Shift-Dir - straight line, f/p - white ugly thing
Aim: a white ugly thing (moderately wounded)
You draw life force from the white ugly thing!
You feel life coursing into your body! The white ugly thing barely misses you.
Unknown command.
Casting: Vampiric Draining (safe; 1% risk of failure)
Confirm with . or Enter, or press ? or * to list all spells.
You don't have enough magic to cast this spell.
Unknown command.
The white ugly thing attacks as you move away!
The white ugly thing completely misses you.
You sock the white ugly thing!
Your weapon exudes an aura of protection.
The white ugly thing is severely wounded.
The white ugly thing tail-slaps you! The white ugly thing freezes you!
* * * LOW HITPOINT WARNING * * *
The white ugly thing tail-slaps you!
* * * LOW HITPOINT WARNING * * *
The white ugly thing freezes you!
You die...
Kikubaaqudgha rasps: "You have failed me!
Welcome... death!"

#.##†###...###....#
#.# #...##.
#.##.##..#.......>#
#.# #...##.
...#.##....#####.##
#.# ###.##.
........#.## #.# #.#
#.##. ...#.####.#
#.# #.# #.### ####.#
#.# #.# #.#####.###
####.# #.# #.#
#.......... .....#
#.# #u# ###########
.##### #.# #@# .#
#.######.##### .#
#............# .#
########.###.# .#
##...##z## .#
#........# <#
##...##..###########
†#
##.###...........[.
.# ###
#.############


You could see a white ugly thing.

Vanquished Creatures
  An orc warlord (Bailey)
  A two-headed ogre (D:9)
  A manticore (D:9)
  3 trolls
  A hornet (D:8)
  Sigmund (D:6)
  2 wyverns
  5 yaks
  A steam dragon (D:8)
  3 water moccasins (D:7)
  4 orc warriors
  An ice beast (D:6)
  A sky beast (D:7)
  2 ogres
  A black bear (D:6)
  3 centaurs
  4 phantoms
  3 kobold brigands
  A necrophage (D:8)
  5 bullfrogs
  2 gnoll sergeants
  A scorpion (D:7)
  4 wights (D:8)
  9 killer bees
  A troll zombie (D:9)
  A jelly (D:4)
  2 hounds (D:5)
  4 orc priests
  An iguana (D:6)
  13 orc wizards
  3 ogre zombies (D:9)
  16 gnolls
  A river rat (Sewer)
  8 adders
  9 orc zombies
  2 shadow imps (D:6)
  2 white imps (D:6)
  4 ufetubi
  A worm (D:5)
  2 dart slugs
  40 orcs
  4 bats
  9 endoplasms
  2 giant cockroaches
  7 goblins
  5 hobgoblins
  3 quokkas
  17 ball pythons
  A frilled lizard (Sewer)
  A goblin skeleton (D:9)
  4 goblin zombies (D:9)
  A hobgoblin skeleton (D:9)
  A hobgoblin zombie (D:9)
  19 kobolds
  An orc skeleton (D:9)
  19 rats
264 creatures vanquished.

Vanquished Creatures (collateral kills)
  A hornet (D:9)
  An orc warrior (Bailey)
  A troll zombie (D:9)
  3 gnolls
  An adder (Sewer)
  A worm (D:3)
  3 ball pythons
  A frilled lizard (Sewer)
  4 kobolds (D:9)
  An orc zombie (D:9)
  8 rats
25 creatures vanquished.

Vanquished Creatures (others)
  2 adder zombies (Sewer)
  5 gnoll zombies (D:9)
  A frilled lizard zombie (Sewer)
  3 goblin zombies (Bailey)
  A hobgoblin zombie (Bailey)
  13 kobold zombies
  4 orc zombies
  5 demonic plants (D:6)
  A withered plant (D:4)
35 creatures vanquished.

Grand Total: 324 creatures vanquished

Notes
Turn   | Place    | Note
-------+----------+-------------------------------------------
     0 | D:1      | mathmaestro the Demonspawn Necromancer began the quest for
                  | the Orb.
     0 | D:1      | Reached XP level 1. HP: 13/13 MP: 3/3
   297 | D:1      | Gained mutation: You are partially covered in rugged brown
                  | scales. (AC +1, +3% HP) [demonic ancestry]
   297 | D:1      | Reached XP level 2. HP: 10/20 MP: 1/5
  1467 | D:2      | Reached skill level 1 in Fighting
  1621 | D:2      | Reached XP level 3. HP: 26/26 MP: 6/6
  1818 | D:2      | Gained mutation: You have a pair of small antennae on your
                  | head. [demonic ancestry]
  1818 | D:2      | Reached XP level 4. HP: 12/32 MP: 3/7
  1822 | D:2      | Learned a level 3 spell: Vampiric Draining
  1827 | D:2      | Learned a level 4 spell: Animate Dead
  2351 | D:3      | Found a glowing drain.
  2406 | Sewer    | Entered a sewer
  2832 | Sewer    | Reached skill level 5 in Necromancy
  2832 | Sewer    | Reached XP level 5. HP: 14/39 MP: 1/9
  3053 | Sewer    | Gained mutation: You regenerate magic rapidly. [demonic
                  | ancestry]
  3053 | Sewer    | Reached XP level 6. HP: 40/47 MP: 6/10
  3133 | D:3      | Found a faded altar of an unknown god.
  4281 | D:4      | Found a runed translucent door.
  4414 | D:4      | Found an ancient bone altar of Kikubaaqudgha.
  4425 | D:4      | Became a worshipper of Kikubaaqudgha
  4840 | D:4      | Noticed Dvallin's ghost (amateur KoDe)
  4866 | D:5      | Entered Level 5 of the Dungeon
  4916 | D:5      | Gained mutation: You regenerate a little health from kills.
                  | [demonic ancestry]
  4916 | D:5      | Reached XP level 7. HP: 47/53 MP: 7/12
  5148 | D:5      | Noticed a troll
  6084 | D:5      | Killed a troll
  6085 | D:5      | Reached skill level 6 in Necromancy
  6542 | D:6      | Noticed a wyvern
  6603 | D:6      | Killed a wyvern
  6604 | D:6      | Reached XP level 8. HP: 45/61 MP: 3/14
  6759 | D:6      | Noticed Sigmund
  6834 | D:6      | Killed Sigmund
  6858 | D:6      | Reached skill level 5 in Stealth
  6882 | D:6      | Reached skill level 7 in Necromancy
  6887 | D:6      | Reached skill level 5 in Spellcasting
  7327 | D:7      | Reached skill level 5 in Fighting
  7327 | D:7      | Reached skill level 5 in Dodging
  7331 | D:7      | Found a flagged portal.
  7371 | Bailey   | Entered a bailey
  7380 | Bailey   | Learned a level 2 spell: Blink
  7391 | Bailey   | Noticed an orc warlord
  7411 | Bailey   | Gained mutation: You regenerate health from kills. [demonic
                  | ancestry]
  7411 | Bailey   | Reached XP level 9. HP: 64/70 MP: 10/16
  7468 | Bailey   | Reached * piety under Kikubaaqudgha
  7468 | Bailey   | Received a gift from Kikubaaqudgha
  7493 | Bailey   | Learned a level 2 spell: Sublimation of Blood
  7497 | Bailey   | Found a runed translucent gate.
  7515 | Bailey   | Found a runed translucent gate.
  7515 | Bailey   | Found a runed translucent gate.
  7598 | Bailey   | Reached skill level 1 in Translocations
  8132 | Bailey   | Killed an orc warlord
  8133 | Bailey   | Reached skill level 8 in Necromancy
  8424 | Bailey   | Acquired 795 gold pieces
  8537 | D:7      | Found a staircase to the Ecumenical Temple.
  8661 | D:7      | Found a stormy altar of Qazlal.
  9278 | Temple   | Entered the Ecumenical Temple
  9594 | D:8      | Gained mutation: You have a pair of antennae on your head.
                  | [demonic ancestry]
  9594 | D:8      | Reached XP level 10. HP: 48/79 MP: 2/20
  9977 | D:8      | Reached skill level 9 in Necromancy
 10587 | D:8      | Reached ** piety under Kikubaaqudgha
 11791 | D:8      | Paralysed by a hornet for 2 turns
 12422 | D:9      | Reached skill level 10 in Necromancy
 12566 | D:9      | Reached *** piety under Kikubaaqudgha
 12566 | D:9      | Received a gift from Kikubaaqudgha
 12578 | D:9      | Learned a level 4 spell: Dispel Undead
 12584 | D:9      | Learned a level 5 spell: Borgnjor's Vile Clutch
 12692 | D:9      | Found a staircase to the Orcish Mines.
 12769 | D:9      | Reached skill level 1 in Shields
 12769 | D:9      | Reached skill level 1 in Earth Magic
 12972 | D:9      | Noticed an orange crystal statue
 13009 | D:9      | Noticed a manticore
 13009 | D:9      | Noticed a five-headed hydra
 13139 | D:9      | Noticed an eight-headed hydra
 13140 | D:9      | Noticed a white ugly thing
 13140 | D:9      | Noticed a two-headed ogre
 13140 | D:9      | Noticed a boulder beetle
 13141 | D:9      | Noticed a five-headed hydra
 13174 | D:9      | Killed a two-headed ogre
 13175 | D:9      | Gained mutation: When hurt, damage is shared between your
                  | health and your magic reserves. [demonic ancestry]
 13175 | D:9      | Reached XP level 11. HP: 39/89 MP: 14/23
 13569 | D:8      | Mangled by a white ugly thing

Illustrated notes

Levels and vault maps discovered:
D:1:      shiori_shiawase, layout_loops_ring, st_stairs_7
D:2:      layout_basic, minmay_large_rounded_square
D:3:      layout_basic, portal_sewer_entry_a, hellmonk_ecumenical_altar_blasted
D:4:      layout_loops_corners, kiku_gazebo_garden_becter, ebering_ghost_sewer_d
D:5:      layout_basic
D:6:      layout_cave_pools, serial_demonic, serial_demonic_b, serial_demonic_c,
          serial_demonic_d, serial_demonic_g, uniq_sigmund
D:7:      layout_basic, lemuel_coloured_pillars_altar,
          minmay_temple_entry_mini_moons, enter_bailey_2
D:8:      layout_loops_ring
D:9:      minmay_the_grid_triangle_9x9_recursive_2_mashed
          [minmay_the_grid_triangle_9x9_prize_top_heavy,
          minmay_the_grid_triangle_9x9_limited_checkers,
          minmay_the_grid_triangle_9x9_corruption,
          minmay_the_grid_triangle_9x9_dagger], layout_cave_pools,
          zombieorc1_lemuel, minmay_protected_statue
Temple:   nicolae_temple_slightly_damp_pantheon

Skill      XL: |  1  2  3  4  5  6  7  8  9 10 11 |
---------------+----------------------------------+-----
Stealth        | 2 3 4 5 |  5.0
Dodging        | 2 3 4 5 |  5.0
Fighting       | 1 2 3 4 5 6 8 |  8.7
Necromancy     | 5 6 7 8 10 | 10.4
Spellcasting   | 3 4 5 6 8 |  8.3
Translocations | 3 |  3.0
Shields        | 1 2 |  2.0
Earth Magic    | 1 |  1.9

Action                   |  1- 3 |  4- 6 |  7- 9 | 10-12 || total
-------------------------+-------+-------+-------+-------++-------
Melee: Whip              |    16 |       |       |       ||    16
       Flail             |     5 |    65 |   220 |   244 ||   534
       Punch             |       |     2 |     4 |     2 ||     8
Throw: Javelin           |       |       |     6 |       ||     6
       Boomerang         |       |       |    19 |    17 ||    36
 Cast: Necrotise         |    61 |    55 |   131 |    35 ||   282
       Vampiric Draining |       |     6 |    34 |    69 ||   109
       Animate Dead      |       |     1 |     3 |     4 ||     8
       Sublimation of Bl |       |       |     2 |     3 ||     5
       Blink             |       |       |     1 |       ||     1
       Dispel Undead     |       |       |       |     6 ||     6
       Borgnjor's Vile C |       |       |       |     4 ||     4
  Use: Scroll            |       |     6 |     6 |       ||    12
       Potion            |       |       |     1 |     1 ||     2
 Stab: Sleeping          |       |     5 |     2 |       ||     7
Armor: Robe              |     4 |    35 |   146 |   138 ||   323
Dodge: Dodged            |    30 |    74 |   353 |   318 ||   775
Block: Buckler           |       |       |       |    15 ||    15
